[Event "Titled Tuesday Blitz January 17 Late 2023"]
[White "Carbone, Diego"]
[Black "Rian, Kapriaga"]
[WhiteFideId "3002179"]
[BlackFideId "7103263"]
[WhiteElo "2336"]
[BlackElo "2089"]
[Result "1-0"]
[Round "06"]
[TimeControl "180+2"]
[Date "2023.01.17"]
[WhiteClock "0:00:05"]
[BlackClock "0:00:01"]

1. d4 Nf6 2. c4 e6 3. g3 d5 4. Nf3 Be7 5. Bg2 O-O 6. O-O c6 7. Qc2 Nbd7 8. Nbd2 b6 9. e4 dxe4 10. Nxe4 Bb7 11. Rd1 Qc8 12. Ne5 Nxe5 13. dxe5 Nxe4 14. Qxe4 Rb8 15. Be3 c5 16. Qg4 Bxg2 17. Kxg2 Rd8 18. Rxd8+ Qxd8 19. Rd1 Qc7 20. Qe4 Rd8 21. Rxd8+ Qxd8 22. Qc6 h6 23. Qb7 a5 24. b3 Kh7 25. h4 Kg8 26. h5 Kh7 27. Qe4+ Kg8 28. Qc6 Kh7 29. Qe4+ Kg8 30. Qf3 Qd3 31. Qb7 Qd8 32. Bf4 Bg5 33. Bxg5 hxg5 34. Qc6 Kf8 35. a4 Kg8 36. Qb7 Kf8 37. Qf3 Kg8 38. Qe4 Kh8 39. Qf3 Kg8 40. Kh3 Kf8 41. Kg4 Kg8 42. Qe3 f5+ 43. exf6 Qxf6 44. Qxg5 Qxf2 45. Qd8+ Kh7 46. Qxb6 Qf5+ 47. Kh4 Qe4+ 48. Kh3 Qh1+ 49. Kg4 Qe4+ 50. Kg5 Qf5+ 51. Kh4 Qe4+ 52. g4 Qh1+ 53. Kg3 Qg1+ 54. Kf4 Qf2+ 55. Ke5 Qe3+ 56. Kd6 Qd4+ 57. Kxe6 Qxg4+ 58. Kd6 Qd4+ 59. Kc6 Qf6+ 60. Kb5 1-0


[Site "https://www.chess.com"]

[Event "Titled Tuesday Blitz January 17 Late 2023"]
[White "Kostiukov, Alexandr"]
[Black "Pein, Jonathan"]
[WhiteFideId "14108100"]
[BlackFideId "417092"]
[WhiteElo "2271"]
[BlackElo "2265"]
[Result "1-0"]
[Round "06"]
[TimeControl "180+2"]
[Date "2023.01.17"]
[WhiteClock "0:00:18"]
[BlackClock "0:00:52"]

1. g3 h5 2. h4 d5 3. Bg2 Nc6 4. Nf3 e5 5. O-O Nh6 6. c4 d4 7. d3 Ng4 8. Nh2 Be7 9. e3 Be6 10. exd4 Nxd4 11. Nxg4 Bxg4 12. f3 Be6 13. Be3 Bc5 14. Qd2 Qe7 15. Nc3 O-O-O 16. Ne4 Bxc4 17. Nxc5 Qxc5 18. dxc4 Nxf3+ 19. Rxf3 Rxd2 20. Bxc5 f6 21. Bh3+ Kb8 22. Rf2 Rd3 23. Kg2 a5 24. Ba3 Rhd8 25. Re1 c6 26. Bf5 R3d4 27. b3 Rd2 28. Ree2 Rd1 29. Bc5 Kc7 30. Be3 Ra1 31. Rd2 Rd1 32. Rxd1 Rxd1 33. Rd2 Re1 34. Kf2 Ra1 35. Rd7+ Kb8 36. Bb6 Rxa2+ 37. Kf3 Rd2 38. Rxd2 1-0


[Site "https://www.chess.com"]

[Event "Titled Tuesday Blitz January 17 Late 2023"]
[White "Gerbelli Neto, Eduardo"]
[Black "Sukandar, Irine Kharisma"]
[WhiteFideId "2103281"]
[BlackFideId "7101937"]
[WhiteElo "2114"]
[BlackElo "2390"]
[Result "0-1"]
[Round "06"]
[TimeControl "180+2"]
[Date "2023.01.17"]
[WhiteClock "0:00:08"]
[BlackClock "0:00:29"]

1. e4 c5 2. Nc3 d6 3. f4 g6 4. Nf3 Bg7 5. Bb5+ Bd7 6. Bc4 Nc6 7. O-O Nd4 8. Nxd4 cxd4 9. Ne2 Bc6 10. d3 d5 11. exd5 Bxd5 12. Bb5+ Bc6 13. Bxc6+ bxc6 14. f5 Nf6 15. Ng3 O-O 16. Qf3 Qd7 17. Ne4 Nxe4 18. Qxe4 Rab8 19. b3 Rb5 20. fxg6 hxg6 21. Bf4 Rc5 22. Rf2 a5 23. Re1 e6 24. Qf3 a4 25. Bc1 axb3 26. axb3 Rf5 27. Qg3 Rxf2 28. Qxf2 Ra8 29. Bg5 Qd5 30. Bf6 Ra2 31. Bxg7 Kxg7 32. h3 Qc5 33. Re2 Ra1+ 34. Kh2 Qd6+ 35. g3 Qd5 36. Qg2 Qh5 37. Rf2 Qd1 38. g4 Qe1 39. Re2 Qc1 40. Kg3 g5 41. h4 Qf4+ 42. Kh3 Rf1 43. hxg5 Rf3+ 44. Kh4 Re3 45. Rf2 Qb8 46. Rxf7+ Kxf7 47. Qf2+ Kg8 48. g6 Qf8 49. Qg2 Qh6# 0-1


[Site "https://www.chess.com"]

[Event "Titled Tuesday Blitz January 17 Late 2023"]
[White "Alfaro, William"]
[Black "Ladan, Nicholas"]
[WhiteFideId "6100457"]
[BlackFideId "30918855"]
[WhiteElo "2134"]
[BlackElo "2228"]
[Result "0-1"]
[Round "06"]
[TimeControl "180+2"]
[Date "2023.01.17"]
[WhiteClock "0:00:01"]
[BlackClock "0:00:05"]

1. Nf3 d5 2. g3 c5 3. Bg2 Nc6 4. d3 Nf6 5. O-O g6 6. Nbd2 Bg7 7. e4 dxe4 8. dxe4 O-O 9. h3 Nd4 10. Re1 Nd7 11. c3 Ne6 12. Nf1 b6 13. Qd5 Rb8 14. Rd1 Nf6 15. Qb3 Qc7 16. Qc2 Rd8 17. Be3 Bb7 18. N3h2 h6 19. f4 Rxd1 20. Rxd1 Rd8 21. f5 gxf5 22. exf5 Rxd1 23. Qxd1 Bxg2 24. fxe6 Bd5 25. exf7+ Kxf7 26. b3 Qe5 27. Qc2 Ne4 28. c4 Bb7 29. Ng4 Qe6 30. Bf4 h5 31. Nf2 Nxf2 32. Qxf2 Bf6 33. Kh2 Qe4 34. g4 h4 35. Ne3 Qh1# 0-1


[Site "https://www.chess.com"]

[Event "Titled Tuesday Blitz January 17 Late 2023"]
[White "Mareco, Sandro"]
[Black "Degtiarev, Evgeny"]
[WhiteFideId "112275"]
[BlackFideId "4149610"]
[WhiteElo "2633"]
[BlackElo "2385"]
[Result "0-1"]
[Round "06"]
[TimeControl "180+2"]
[Date "2023.01.17"]
[WhiteClock "0:00:01"]
[BlackClock "0:00:01"]

1. d4 d5 2. Nc3 c6 3. Bf4 Nf6 4. e3 Nbd7 5. Nf3 g6 6. Be2 Bg7 7. Ne5 O-O 8. h4 Nxe5 9. Bxe5 h5 10. f3 Bh6 11. Qd2 b5 12. O-O-O b4 13. Na4 a5 14. Rdg1 Nd7 15. Bf4 Bg7 16. g4 hxg4 17. h5 gxh5 18. fxg4 h4 19. g5 e5 20. dxe5 Nxe5 21. Rxh4 Ng6 22. Rh2 Bf5 23. Bd3 Qc8 24. Nb6 Qe6 25. Nxa8 Rxa8 26. Bxf5 Qxf5 27. Qd3 Qe6 28. Rf2 a4 29. Rgf1 c5 30. Bg3 c4 31. Qf5 Qxe3+ 32. Kb1 Rf8 33. Qxd5 Qxg3 34. Rxf7 Rxf7 35. Qxf7+ Kh7 36. Rh1+ Nh4 37. Qh5+ Kg8 38. Qxh4 Qe5 39. Qh7+ Kf8 40. Rf1+ Ke7 41. c3 bxc3 42. g6 c2+ 43. Kxc2 Qe2+ 44. Kc1 Qxb2+ 45. Kd1 Qd4+ 46. Ke2 Qe4+ 47. Kf2 Qf4+ 48. Kg2 Qg4+ 49. Kh1 Qe4+ 50. Kh2 Qe5+ 51. Kg2 Qe2+ 52. Rf2 Qe4+ 53. Rf3 Qe2+ 54. Kg3 Qe5+ 55. Kh3 Qe6+ 56. Kh4 Qe4+ 57. Kg3 Qe5+ 58. Kg4 Qe4+ 59. Rf4 Qg2+ 60. Kf5 Qd5+ 61. Kg4 Qg2+ 62. Kh5 Qh3+ 63. Kg5 Qg2+ 64. Rg4 Qd5+ 65. Kh4 Qh1+ 66. Kg3 Qg1+ 67. Kf3 Qf1+ 68. Ke4 Qd3+ 69. Kf4 Qf1+ 70. Kg3 Qg1+ 71. Kf3 Qf1+ 72. Ke3 Qd3+ 73. Kf2 Qd2+ 74. Kg3 Qe1+ 75. Kg2 Qe2+ 76. Kh3 Qf1+ 77. Rg2 Qf3+ 78. Rg3 Qh1+ 79. Kg4 Qe4+ 80. Kg5 Qe5+ 81. Kh4 Qf4+ 82. Kh3 Qf1+ 83. Kh2 Qf2+ 84. Rg2 Qf4+ 85. Kh1 Qf1+ 86. Rg1 Qf3+ 87. Kh2 Qf2+ 88. Rg2 Qf4+ 89. Kg1 Qe3+ 90. Rf2 Qe1+ 91. Kg2 Qe4+ 92. Kf1 Qd3+ 93. Re2+ Kf6 94. Qh4+ Kxg6 95. Qg4+ Kf7 96. Qf4+ Bf6 97. Qe3 Qf5+ 98. Ke1 Qb1+ 99. Kf2 Qf5+ 100. Qf3 Qc5+ 101. Kg2 Qg5+ 102. Qg3 Qd5+ 103. Qf3 Qd4 104. Rf2 c3 105. a3 Qe5 106. Qb7+ Kg6 0-1


[Site "https://www.chess.com"]

[Event "Titled Tuesday Blitz January 17 Late 2023"]
[White "Rios Escobar, Adan"]
[Black "Womacka, Mathias"]
[WhiteFideId "3403645"]
[BlackFideId "4611390"]
[WhiteElo "2234"]
[BlackElo "2396"]
[Result "1-0"]
[Round "06"]
[TimeControl "180+2"]
[Date "2023.01.17"]
[WhiteClock "0:00:02"]
[BlackClock "0:00:27"]

1. d4 Nf6 2. g3 c5 3. d5 e6 4. c4 exd5 5. cxd5 d6 6. Nc3 g6 7. Nf3 Bg7 8. Bg2 O-O 9. O-O Nbd7 10. h3 a6 11. a4 Rb8 12. Bf4 Qe7 13. a5 b5 14. axb6 Nxb6 15. Ra2 Bb7 16. e4 Nh5 17. Bg5 Bf6 18. Bxf6 Nxf6 19. Re1 Nc4 20. Qc1 Nd7 21. Ne2 Nce5 22. Nf4 g5 23. Nh5 Nd3 24. Qc3 N3e5 25. g4 f6 26. Bf1 Nxf3+ 27. Qxf3 Ne5 28. Qc3 Bc8 29. Bxa6 Ra8 30. Rea1 Kf7 31. Bxc8 Rxa2 32. Be6+ Kg6 33. Bf5+ Kf7 34. Rxa2 Rb8 35. Ra6 Qc7 36. Qa3 Nc4 37. Ra7 Rb7 38. Rxb7 Qxb7 39. Qa4 Nxb2 40. Be6+ Ke7 41. Qc2 Qb4 42. e5 dxe5 43. Qxh7+ Kd6 44. Qd7# 1-0


[Site "https://www.chess.com"]

[Event "Titled Tuesday Blitz January 17 Late 2023"]
[White "Kuznecovs, Nikita"]
[Black "Abdyzhaparov, Aidar"]
[WhiteFideId "11604557"]
[BlackFideId "13800361"]
[WhiteElo "2287"]
[BlackElo "1978"]
[Result "1-0"]
[Round "06"]
[TimeControl "180+2"]
[Date "2023.01.17"]
[WhiteClock "0:00:44"]
[BlackClock "0:00:26"]

1. Nf3 d6 2. d4 g6 3. g3 Bg7 4. Bg2 Nc6 5. O-O h5 6. e4 Bg4 7. c3 h4 8. h3 Bxf3 9. Qxf3 hxg3 10. fxg3 Nf6 11. g4 O-O 12. h4 Nh7 13. g5 e5 14. d5 Ne7 15. h5 gxh5 16. Qxh5 Ng6 17. Rf5 Nf4 18. Bxf4 exf4 19. Nd2 Qe7 20. Kf2 Rfe8 21. Rh1 Nf8 22. e5 dxe5 23. Ne4 Ng6 24. Qh7+ Kf8 25. Qxg6 Qd7 26. Rh7 Qxf5 27. Qxf5 Rad8 28. Rxg7 Kxg7 29. Qf6+ Kg8 30. Qh6 1-0


[Site "https://www.chess.com"]

[Event "Titled Tuesday Blitz January 17 Late 2023"]
[White "Romero Ruscalleda, Josep"]
[Black "Kozin, Yuri"]
[WhiteFideId "2231859"]
[BlackFideId "4129920"]
[WhiteElo "2160"]
[BlackElo "2251"]
[Result "0-1"]
[Round "06"]
[TimeControl "180+2"]
[Date "2023.01.17"]
[WhiteClock "0:01:42"]
[BlackClock "0:01:41"]

1. e4 c5 2. c3 Nf6 3. e5 Nd5 4. Nf3 e6 5. d4 cxd4 6. cxd4 d6 7. a3 Bd7 8. Bd3 Bc6 9. O-O Nd7 10. Qe2 a6 11. Bd2 dxe5 12. dxe5 Nc5 13. Bc2 Bb5 14. Qd1 Bxf1 15. Qxf1 Be7 16. Nc3 O-O 17. Rd1 Nxc3 18. Bxc3 Qe8 19. b4 Na4 20. Qd3 g6 21. Bd2 Nb2 22. Qe3 Nxd1 23. Qh6 Nb2 24. Bg5 f6 25. Bc1 Rc8 0-1


[Site "https://www.chess.com"]

[Event "Titled Tuesday Blitz January 17 Late 2023"]
[White "Herman, Daniel"]
[Black "Liu, Kelsey"]
[WhiteFideId "30935008"]
[BlackFideId "30944481"]
[WhiteElo "1956"]
[BlackElo "2065"]
[Result "1-0"]
[Round "06"]
[TimeControl "180+2"]
[Date "2023.01.17"]
[WhiteClock "0:00:57"]
[BlackClock "0:00:39"]

1. d4 Nf6 2. c4 e6 3. Nf3 b6 4. g3 Bb7 5. Bg2 Be7 6. d5 Qc8 7. Nc3 Bb4 8. O-O Bxc3 9. bxc3 exd5 10. Bg5 Ne4 11. cxd5 Nxc3 12. Qc2 Nxd5 13. Qe4+ Kf8 14. Nd4 Na6 15. Nf5 Nc5 16. Qg4 h5 17. Qh4 Ne6 18. Rac1 Nxg5 19. Qxg5 g6 20. Nd6 f6 21. Qxg6 cxd6 22. Rxc8+ Rxc8 23. Bxd5 Bxd5 24. Qxf6+ Kg8 25. Qg5+ Kf8 26. Qxd5 1-0


[Site "https://www.chess.com"]

[Event "Titled Tuesday Blitz January 17 Late 2023"]
[White "Kaplan, Avi Harrison"]
[Black "Pace, Christopher"]
[WhiteFideId "30934559"]
[BlackFideId "2610167"]
[WhiteElo "2146"]
[BlackElo "2053"]
[Result "1-0"]
[Round "06"]
[TimeControl "180+2"]
[Date "2023.01.17"]
[WhiteClock "0:00:57"]
[BlackClock "0:00:07"]

1. Nf3 Nf6 2. b3 d6 3. Bb2 e5 4. d3 g6 5. g3 Bg7 6. Bg2 O-O 7. O-O Re8 8. Nbd2 c6 9. e4 Nbd7 10. Qe2 Qc7 11. Rad1 a5 12. c3 a4 13. b4 a3 14. Bc1 Nb6 15. Nb1 Na4 16. Qc2 c5 17. bxc5 Qxc5 18. Bxa3 Qc7 19. Rc1 d5 20. exd5 Nxd5 21. c4 Ne7 22. Rfe1 Nc6 23. Nc3 Nxc3 24. Qxc3 e4 25. Qb3 Bf5 26. dxe4 Bxe4 27. Bb2 Na5 28. Qb4 Nc6 29. Qb3 Na5 30. Qb5 Bc6 31. Qb4 Rxe1+ 32. Rxe1 Bxf3 33. Bxf3 Qxc4 34. Qxc4 Nxc4 35. Bxg7 Kxg7 36. Bxb7 Rxa2 37. Bd5 Rc2 38. Re7 Nd6 39. Rd7 Nf5 40. Rxf7+ Kh6 41. Be4 Rc1+ 42. Kg2 Nd6 43. Rf4 g5 44. Rf6+ 1-0


[Site "https://www.chess.com"]

[Event "Titled Tuesday Blitz January 17 Late 2023"]
[White "Urbina Perez, Juan Antonio"]
[Black "Slovineanu, Viacheslav"]
[WhiteFideId "2217368"]
[BlackFideId "13900510"]
[WhiteElo "2266"]
[BlackElo "2412"]
[Result "1-0"]
[Round "06"]
[TimeControl "180+2"]
[Date "2023.01.17"]
[WhiteClock "0:00:56"]
[BlackClock "0:00:01"]

1. e4 c6 2. Nf3 d5 3. d3 Qc7 4. e5 Bg4 5. d4 e6 6. Nbd2 Nd7 7. h3 Bh5 8. c4 dxc4 9. Bxc4 Ne7 10. O-O Nd5 11. Ne4 N7b6 12. Bb3 Be7 13. Ng3 Bg6 14. Bc2 Bxc2 15. Qxc2 O-O 16. Bg5 h6 17. Bxe7 Nxe7 18. Ne4 Rad8 19. Rad1 Rd7 20. Qc1 Nbd5 21. a3 Rfd8 22. Rd3 Ng6 23. g3 Nge7 24. Nc5 Nf5 25. Nxd7 Qxd7 26. Rfd1 Qc7 27. Nd2 a5 28. Ne4 Qb6 29. Qc2 Qa6 30. Nc5 Qb6 31. Rb3 Qc7 32. Rxb7 Qc8 33. Rd3 Nde7 34. Qc4 Ng6 35. Qb3 Nfe7 36. Ne4 1-0


[Site "https://www.chess.com"]

[Event "Titled Tuesday Blitz January 17 Late 2023"]
[White "Novikov, Evgenij"]
[Black "Sreyas Payyappat"]
[WhiteFideId "4125380"]
[BlackFideId "46674969"]
[WhiteElo "2276"]
[BlackElo "2076"]
[Result "1-0"]
[Round "06"]
[TimeControl "180+2"]
[Date "2023.01.17"]
[WhiteClock "0:00:12"]
[BlackClock "0:00:03"]

1. d4 Nf6 2. c4 c5 3. d5 e6 4. Nc3 exd5 5. cxd5 d6 6. Nf3 g6 7. e3 Bg7 8. Be2 O-O 9. O-O Nbd7 10. h3 a6 11. a4 Rb8 12. a5 Re8 13. Nd2 Ne5 14. f4 Ned7 15. e4 b5 16. axb6 Qxb6 17. Nc4 Qc7 18. Bd3 Rb4 19. Qf3 Nb6 20. Na5 Bd7 21. Kh1 Bb5 22. Nxb5 axb5 23. Nc6 Rb3 24. Ra7 Qc8 25. Ne7+ Rxe7 26. Rxe7 c4 27. Qf2 Rxd3 28. Qxb6 Rxh3+ 29. Kg1 Rd3 30. Qxb5 Bf8 31. Rb7 Nxe4 32. f5 Rg3 33. Rb8 Qc7 34. Bh6 Qa7+ 35. Kh2 Rh3+ 36. gxh3 Qe7 37. Rxf8+ Qxf8 38. Bxf8 Kxf8 39. fxg6 1-0


[Site "https://www.chess.com"]

[Event "Titled Tuesday Blitz January 17 Late 2023"]
[White "Garcia Almaguer, Juan Manuel"]
[Black "Ardila, Oscar Humberto"]
[WhiteFideId "5110491"]
[BlackFideId "4404742"]
[WhiteElo "2090"]
[BlackElo "1982"]
[Result "1/2-1/2"]
[Round "06"]
[TimeControl "180+2"]
[Date "2023.01.17"]
[WhiteClock "0:00:53"]
[BlackClock "0:00:36"]

1. e4 e5 2. Nf3 Nf6 3. Nxe5 d6 4. Nf3 Nxe4 5. d4 Be7 6. Bd3 d5 7. O-O Nc6 8. Nbd2 Nxd2 9. Qxd2 O-O 10. h3 Bf6 11. a3 Nxd4 12. Nxd4 Bxd4 13. Bxh7+ Kxh7 14. Qxd4 c6 15. Bf4 Bf5 16. c3 Re8 17. Rfe1 Qb6 18. Qxb6 axb6 19. Bc7 b5 20. Bb6 f6 21. f3 g5 22. Kf2 Kg6 23. g4 Bc2 24. Kg3 Kf7 25. Rac1 Bb3 26. f4 Bc4 27. fxg5 fxg5 28. Be3 Kg6 29. Rc2 Re4 30. Bf2 Rae8 31. Rxe4 dxe4 32. Be3 Rd8 33. Rd2 Rxd2 34. Bxd2 Bd3 35. Be3 Bc2 36. Bd4 Bd3 37. Kf2 Bc2 38. Ke3 Bd3 39. Be5 Bc2 40. Kd4 Kf7 41. Kc5 e3 42. Bg3 Ke6 43. Kd4 e2 44. Ke3 Bd1 45. Kd2 Kd5 46. h4 gxh4 47. Bxh4 Ke4 48. Bd8 Kf4 49. g5 Kf5 50. b4 b6 51. Ke1 c5 52. Kd2 c4 53. Ke1 Kg6 54. Kf2 Kf5 55. Be7 Kg6 56. Bd8 Kf5 57. Bf6 Kg6 58. Ke1 Kf5 59. Bd8 Kg6 60. Kd2 Kf5 61. Bxb6 Kxg5 62. Bf2 Kf5 63. Be1 Ke6 64. Ke3 Kd5 65. Bd2 Kd6 66. Kd4 Ba4 67. Be1 Ke6 68. Bg3 Kf5 69. Ke3 Kg4 70. Be1 Kh3 71. Kxe2 Kg2 72. Ke3 Kf1 73. Kd2 Kg2 74. Bh4 Kf3 75. Be7 Ke4 76. Bc5 Kf3 77. Bd4 Ke4 78. Ke1 Kd3 79. Kf2 Kc2 80. Kf3 Kb3 81. Kf4 Kxa3 82. Ke5 Kb3 83. Kd5 Kc2 84. Kc5 Kb2 85. Kb6 Ka3 86. Ka5 Kb3 87. Kb6 Kc2 88. Ka5 Kd3 89. Kb6 Ke4 90. Ka5 Kd5 91. Kb6 Kd6 92. Kb7 Kd7 93. Kb6 Kd6 94. Kb7 Kd5 95. Kb6 Ke6 96. Kb7 Kf5 97. Kb6 Ke4 98. Kb7 Kd3 99. Kb6 Kc2 100. Kb7 Kb3 101. Kb6 Ka3 102. Ka7 Kb2 103. Kb8 Kc2 104. Kc7 Kd3 105. Kd6 Ke4 106. Ke6 Kd3 107. Ke5 Kd2 108. Kf4 Bb3 109. Kf3 Bc2 110. Kf2 Kc1 111. Ke3 Ba4 112. Kf4 Kb2 113. Ke3 Kc1 114. Be5 Kb2 115. Kd4 Kc2 116. Kc5 Kb3 117. Bd4 Kc2 118. Kb6 Kb3 119. Ka5 Kc2 120. Kb6 Kb3 121. Kb7 Kc2 122. Kb8 Kb3 123. Ka8 Kc2 124. Ka7 Kb3 125. Kb6 1/2-1/2


[Site "https://www.chess.com"]

[Event "Titled Tuesday Blitz January 17 Late 2023"]
[White "Belenkaya, Dina"]
[Black "Mendez Machado, Andre"]
[WhiteFideId "24142654"]
[BlackFideId "6603793"]
[WhiteElo "2267"]
[BlackElo "1974"]
[Result "1-0"]
[Round "06"]
[TimeControl "180+2"]
[Date "2023.01.17"]
[WhiteClock "0:00:58"]
[BlackClock "0:00:03"]

1. Nf3 Nf6 2. g3 e6 3. Bg2 d5 4. d3 Be7 5. Nbd2 Nc6 6. e4 dxe4 7. dxe4 e5 8. c3 O-O 9. O-O a5 10. Qe2 b6 11. Rd1 Ba6 12. Qe1 Qc8 13. b3 Bc5 14. Nf1 Bxf1 15. Bxf1 Qg4 16. Nd2 Rad8 17. Kg2 h5 18. f3 Qg6 19. h4 Rd7 20. Nc4 Rxd1 21. Qxd1 Rd8 22. Qe2 b5 23. Ne3 Nxe4 24. fxe4 Qxe4+ 25. Qf3 Qg6 26. Be2 Bxe3 27. Bxe3 e4 28. Qxh5 Qd6 29. Bxb5 Ne5 30. Be2 Qe6 31. Rf1 f6 32. Qf5 Qd5 33. Bc4 Nxc4 34. Qxd5+ Rxd5 35. bxc4 Rd3 36. Bd4 e3 37. Kf3 Rd2 38. Re1 Rxa2 39. Rxe3 a4 40. Re8+ Kf7 41. Ra8 a3 42. c5 Ra1 43. Ke4 a2 44. Kd5 Ke7 45. c6 f5 46. Kc5 f4 47. gxf4 Ke6 48. Bxg7 Kf5 49. Be5 Kg4 50. Bxc7 Kxh4 51. Be5 Kg4 52. c7 Kf3 53. c8=Q Rc1 54. Qc6+ 1-0


[Site "https://www.chess.com"]

[Event "Titled Tuesday Blitz January 17 Late 2023"]
[White "Bambino Filho, Antonio Carlos"]
[Black "Papp, Petra"]
[WhiteFideId "2113163"]
[BlackFideId "739049"]
[WhiteElo "2144"]
[BlackElo "2343"]
[Result "1-0"]
[Round "06"]
[TimeControl "180+2"]
[Date "2023.01.17"]
[WhiteClock "0:01:26"]
[BlackClock "0:00:48"]

1. e4 c5 2. Nf3 d6 3. d4 cxd4 4. Nxd4 Nf6 5. Nc3 a6 6. Bg5 e6 7. f4 Be7 8. Qf3 Qc7 9. O-O-O Nbd7 10. g4 h6 11. Bxf6 Bxf6 12. h4 Nb6 13. Be2 Bd7 14. g5 Bxd4 15. Rxd4 Qc5 16. Rhd1 O-O-O 17. Rxd6 hxg5 18. hxg5 Nc4 19. R6d4 Nb6 20. Qd3 f6 21. a4 fxg5 22. b4 e5 23. bxc5 1-0


[Site "https://www.chess.com"]

[Event "Titled Tuesday Blitz January 17 Late 2023"]
[White "Chlpik, Martin"]
[Black "Jenkins, Drake"]
[WhiteFideId "14923351"]
[BlackFideId "2022397"]
[WhiteElo "2287"]
[BlackElo "2130"]
[Result "0-1"]
[Round "06"]
[TimeControl "180+2"]
[Date "2023.01.17"]
[WhiteClock "0:00:04"]
[BlackClock "0:00:50"]

1. d4 Nf6 2. c4 c5 3. d5 b5 4. cxb5 a6 5. bxa6 Bxa6 6. Nc3 g6 7. e4 Bxf1 8. Kxf1 d6 9. Nf3 Bg7 10. g3 O-O 11. Kg2 Na6 12. Re1 Ng4 13. Re2 Ne5 14. Nxe5 Bxe5 15. Bd2 Qd7 16. Be1 Rab8 17. a4 Rfc8 18. Nb5 c4 19. Bc3 Bxc3 20. bxc3 Nc5 21. f4 Nxa4 22. Rxa4 Qxb5 23. Rb4 Qc5 24. Reb2 Rxb4 25. Rxb4 Ra8 26. Rb2 Ra3 27. Qd2 Kg7 28. e5 Ra5 29. exd6 exd6 30. Rb4 Ra1 31. Qd4+ Qxd4 32. cxd4 c3 33. Rc4 Ra2+ 34. Kf3 Rxh2 35. Rxc3 Kf6 36. Rc7 Rd2 37. Ke3 Rg2 38. Rd7 Rxg3+ 39. Ke4 h5 40. Rxd6+ Ke7 41. Rb6 f5+ 0-1


[Site "https://www.chess.com"]

[Event "Titled Tuesday Blitz January 17 Late 2023"]
[White "Fiorito, Joaquin"]
[Black "Djordjevic, Dejan N"]
[WhiteFideId "180173"]
[BlackFideId "913316"]
[WhiteElo "2405"]
[BlackElo "2167"]
[Result "1-0"]
[Round "06"]
[TimeControl "180+2"]
[Date "2023.01.17"]
[WhiteClock "0:00:06"]
[BlackClock "0:00:01"]

1. d4 Nf6 2. Nc3 g6 3. e4 d6 4. Be3 Bg7 5. Qd2 h5 6. Nf3 a6 7. h3 b5 8. Bd3 Bb7 9. a3 Nbd7 10. e5 Nd5 11. Nxd5 Bxd5 12. exd6 cxd6 13. O-O-O Nb6 14. Kb1 Qc7 15. Rhe1 Nc4 16. Bxc4 Qxc4 17. b3 Qc6 18. Bg5 e6 19. Qf4 Rc8 20. Re2 a5 21. Bf6 Bh6 22. Ng5 Rf8 23. Rde1 Bxg5 24. Bxg5 a4 25. Qf6 Qd7 26. Kb2 Rg8 27. g4 hxg4 28. hxg4 Ra8 29. f4 b4 30. axb4 axb3 31. cxb3 Qa7 32. Kc3 Rc8+ 33. Kb2 Ra8 34. Kc3 Qc7+ 35. Kd3 Qd7 36. Ke3 Bxb3 37. Kf2 Bc4 38. Re3 Ra2+ 39. Kg3 Bd5 40. f5 gxf5 41. gxf5 Rg2+ 42. Kf4 R2xg5 43. fxe6 fxe6 44. Re5 Rf5+ 45. Rxf5 1-0


[Site "https://www.chess.com"]

[Event "Titled Tuesday Blitz January 17 Late 2023"]
[White "MitzyCaballero"]
[Black "Mirzoev, Azer"]
[BlackFideId "13400304"]
[WhiteElo "2313"]
[BlackElo "2416"]
[Result "0-1"]
[Round "06"]
[TimeControl "180+2"]
[Date "2023.01.17"]
[WhiteClock "0:00:07"]
[BlackClock "0:01:03"]

1. d4 Nf6 2. Nf3 e6 3. e3 c5 4. Bd3 Nc6 5. O-O d5 6. b3 b6 7. Bb2 Bb7 8. Nbd2 cxd4 9. exd4 Be7 10. a3 O-O 11. Ne5 Nxe5 12. dxe5 Ne4 13. Bxe4 dxe4 14. Qe2 Qd5 15. Nc4 Rfd8 16. Ne3 Qc6 17. Rfd1 h6 18. c4 Bg5 19. a4 Rd3 20. Ba3 Rxb3 21. Rd6 Qc7 22. Qc2 Rd3 23. Rxd3 exd3 24. Qxd3 Qxe5 25. Re1 Qa5 26. Rd1 Qxa4 27. Bb2 Rd8 28. Qe2 Rxd1+ 29. Nxd1 Qc6 30. f3 Qc5+ 31. Kf1 Ba6 32. Qe5 Bxc4+ 33. Ke1 Qxe5+ 34. Bxe5 Be7 35. Kd2 f6 36. Bd4 e5 37. Bc3 Be6 38. Ne3 b5 39. g4 Kf7 40. Ba5 Bc5 41. Bc7 a6 42. Nf5 Bxf5 43. gxf5 g6 44. fxg6+ Kxg6 45. Kd3 h5 46. Ke4 Bf8 47. h3 Bb4 48. Bb6 a5 49. Kd5 Kf5 50. Kc6 Kf4 51. Kxb5 Kxf3 52. Bd8 f5 53. Kc4 e4 54. Kd5 e3 55. Bh4 f4 56. Ke5 a4 57. Bg5 e2 58. Bh4 a3 0-1


[Site "https://www.chess.com"]

[Event "Titled Tuesday Blitz January 17 Late 2023"]
[White "Lacasa Diaz, Jose Antonio"]
[Black "Gardezi, Arsal"]
[WhiteFideId "2203375"]
[BlackFideId "30949521"]
[WhiteElo "2359"]
[BlackElo "2093"]
[Result "0-1"]
[Round "06"]
[TimeControl "180+2"]
[Date "2023.01.17"]
[WhiteClock "0:00:19"]
[BlackClock "0:00:20"]

1. e4 e5 2. Nf3 Nc6 3. Bb5 Nf6 4. d3 Bc5 5. O-O d6 6. Be3 Bb6 7. Nbd2 O-O 8. Nc4 Re8 9. h3 Be6 10. Nxb6 axb6 11. c3 h6 12. a3 Bd7 13. Bc4 Be6 14. Bxe6 Rxe6 15. c4 Ne7 16. Nh4 c6 17. Qf3 d5 18. cxd5 cxd5 19. Nf5 Nxf5 20. Qxf5 dxe4 21. dxe4 Qd3 22. Rfe1 Qxe4 23. Qxe4 Nxe4 24. Bxh6 Nc5 25. Be3 Nd3 26. Re2 Rc8 27. Rd1 e4 28. Red2 Kh7 29. g4 Ne5 30. Kg2 Nc4 31. Re2 Rg6 32. Rd5 Re8 33. Rh5+ Kg8 34. Rb5 Re5 35. Rb4 Nxe3+ 36. Rxe3 f5 37. Rg3 f4 38. Rgb3 e3 39. fxe3 fxe3 40. Kf1 Rf6+ 41. Ke1 e2 0-1


[Site "https://www.chess.com"]

[Event "Titled Tuesday Blitz January 17 Late 2023"]
[White "Gatterer, Florian"]
[Black "Zampronha, Wladimir Camilo"]
[WhiteFideId "811688"]
[BlackFideId "2103087"]
[WhiteElo "2170"]
[BlackElo "2176"]
[Result "1-0"]
[Round "06"]
[TimeControl "180+2"]
[Date "2023.01.17"]
[WhiteClock "0:02:18"]
[BlackClock "0:01:29"]

1. d4 Nf6 2. c4 e6 3. Nc3 Bb4 4. e3 d5 5. Nf3 O-O 6. cxd5 exd5 7. Bd3 c5 8. O-O Nc6 9. dxc5 Bxc5 10. b3 Bg4 11. h3 Bh5 12. Bb2 Rc8 13. Be2 Re8 14. Na4 Be7 15. Rc1 Ne4 16. Nd4 Bxe2 17. Qxe2 Nxd4 18. Bxd4 Qa5 19. Rxc8 Rxc8 20. Qg4 1-0


[Site "https://www.chess.com"]

[Event "Titled Tuesday Blitz January 17 Late 2023"]
[White "Vifleemskaia, Svetlana"]
[Black "Mione, Dario"]
[WhiteFideId "4129490"]
[BlackFideId "806625"]
[WhiteElo "1971"]
[BlackElo "2228"]
[Result "0-1"]
[Round "06"]
[TimeControl "180+2"]
[Date "2023.01.17"]
[WhiteClock "0:00:02"]
[BlackClock "0:00:07"]

1. d4 d5 2. c4 e5 3. dxe5 d4 4. Nf3 Nc6 5. Nbd2 Bg4 6. h3 Bxf3 7. Nxf3 Nge7 8. e3 dxe3 9. Bxe3 Ng6 10. a3 Qxd1+ 11. Rxd1 Ngxe5 12. Be2 Be7 13. b4 Rd8 14. O-O O-O 15. Nxe5 Nxe5 16. f4 Nd7 17. Bf3 b6 18. Rfe1 Nf6 19. Bxb6 Rxd1 20. Bxd1 Bxb4 21. axb4 axb6 22. Re7 Rd8 23. Bf3 Rd7 24. Rxd7 Nxd7 25. Kf2 Kf8 26. Ke3 Ke7 27. Kd4 Kd6 28. Bd5 c5+ 29. bxc5+ bxc5+ 30. Kd3 f6 31. Bg8 h6 32. Ke4 g5 33. fxg5 fxg5 34. Kf5 Ne5 35. Kf6 Nd3 36. Bd5 Nf4 37. Be4 Ne2 38. Kg6 Ke5 39. Bf3 Nd4 40. Kxh6 Kf6 41. Be4 Ne2 42. Kh5 Nf4+ 43. Kg4 Ng6 44. Kf3 Ne5+ 45. Ke3 Nxc4+ 46. Kd3 Nd6 47. Bd5 Ke5 48. Bf3 Kf4 49. Ke2 Kg3 50. Ke3 c4 51. Kd4 Nf5+ 52. Kxc4 Nh4 0-1


[Site "https://www.chess.com"]